 Dungeon Crawl Stone Soup version 0.17.1-1-g73c8601 (webtiles) character file.

429077 shmeve the Slayer (level 22, -6/199 HPs)
             Began as a Minotaur Fighter on Apr 15, 2016.
             Was the Champion of Trog.
             Mangled by an acid blob (13 damage)
             ... on level 6 of the Pits of Slime on Apr 16, 2016.
             The game lasted 02:59:49 (42245 turns).

shmeve the Slayer (Minotaur Fighter)               Turns: 42245, Time: 02:59:49

Health: -6/199     AC:  9    Str: 36    XL:     22   Next: 80%
Magic:  7/7        EV: 15    Int:  5    God:    Trog [******]
Gold:   3865       SH:  0    Dex: 18    Spells: 0 memorised, 21 levels left

rFire  . . .     SeeInvis .     t - +9 broad axe (antimagic)
rCold  . . .     Clarity  .     L - +9 plate armour "Dasuw" {+Inv Regen+}
rNeg   + . .     SustAt   .     v - +18 shield of the gong {rElec rN+ MR+ EV-5}
rPois  .         Gourm    .     d - +2 hat
rElec  +         Spirit   .     a - +1 cloak of the Vestibule of Hell {+Blink rCorr}
rCorr  +         Warding  .     Y - +2 pair of gloves {Str+3}
rMut   .         Stasis   .     c - +2 pair of boots
MR     ++...                    B - amulet of regeneration
Stlth  ..........               G - ring "Ceuridduj" {rElec AC+3 Str+2 Dex+4}
                                b - +4 ring of strength

@: confused, afraid, corroded equipment, very resistant to hostile enchantments,
extremely unstealthy
A: retaliatory headbutt, horns 2, rugged brown scales 1, deformed body, frail 1
a: Berserk, Trog's Hand, Brothers in Arms, Burn Spellbooks, Renounce Religion,
Evoke Blink, Evoke Invisibility
}: 2/15 runes: serpentine, silver


You were on level 6 of the Pits of Slime.
You worshipped Trog.
Trog was exalted by your worship.
You were not hungry.

You visited 8 branches of the dungeon, and saw 45 of its levels.
You also visited: Bailey and Wizlab.

You collected 5979 gold pieces.
You spent 2114 gold pieces at shops.

Inventory:

Hand Weapons
 t - a +9 antimagic broad axe (weapon)
 u - a +3 broad axe of freezing
 P - a +3 war axe of flaming
Missiles
 Q - 11 silver javelins
 R - 21 javelins of penetration
 S - 10 steel javelins (quivered)
 T - 3 poisoned javelins
Armour
 a - the +1 cloak of the Vestibule of Hell (worn) {+Blink rCorr}
   (You found it on level 12 of the Dungeon)

   It lets you blink.
   It protects you from acid and corrosion.
 c - a +2 pair of boots (worn)
 d - a +2 hat (worn)
 f - a +2 cloak
 v - the +18 shield of the gong (worn) {rElec rN+ MR+ EV-5}
   (You bought it in a shop on level 4 of the Orcish Mines)

   It affects your evasion (-5).
   It insulates you from electricity.
   It protects you from negative energy.
   It affects your resistance to hostile enchantments.
 L - the +9 plate armour "Dasuw" (worn) {+Inv Regen+}
   (You found it on level 1 of the Depths)

   It lets you turn invisible.
   It increases your rate of regeneration.
 Y - a +2 pair of gloves of strength (worn)
Jewellery
 b - a +4 ring of strength (left hand)
 B - an amulet of regeneration (around neck)
 G - the ring "Ceuridduj" (right hand) {rElec AC+3 Str+2 Dex+4}
   (You acquired it on level 1 of the Vaults)

   [ring of protection]

   It affects your AC (+3).
   It affects your strength (+2).
   It affects your dexterity (+4).
   It insulates you from electricity.
 X - a +1 ring of evasion
Wands
 p - a wand of digging (4)
Scrolls
 g - 3 scrolls of enchant weapon
 j - 5 scrolls of holy word
 k - 10 scrolls of magic mapping
 l - 8 scrolls of identify
 n - 15 scrolls of teleportation
 s - 6 scrolls of blinking
 y - 4 scrolls of remove curse
 A - 8 scrolls of fog
 D - 4 scrolls of enchant armour
 F - 7 scrolls of fear
 K - 5 scrolls of summoning
 M - 10 scrolls of recharging
Potions
 h - 5 potions of magic
 m - 5 potions of haste
 o - 5 potions of invisibility
 q - 6 potions of brilliance
 r - 14 potions of agility
 w - 3 potions of resistance
 z - 8 potions of curing
 C - 2 potions of ambrosia
 E - 7 potions of might
 H - a potion of berserk rage
 J - 3 potions of flight
 N - 2 potions of cancellation
 U - 2 potions of cure mutation
Comestibles
 e - 20 bread rations
 i - 12 meat rations
 I - 15 royal jellies


   Skills:
 * Level 22.2 Fighting
 * Level 22.2 Axes
 + Level 14.5 Throwing
 + Level 16.7 Armour
 + Level 15.4 Dodging
 * Level 21.7 Shields


You had 21 spell levels left.
You didn't know any spells.

Dungeon Overview and Level Annotations

Branches:
Dungeon (15/15)            Temple (1/1) D:6            Lair (8/8) D:8
  Swamp (0/4) Lair:6        Snake (4/4) Lair:3        Slime (6/6) Lair:7
    Orc (4/4) D:12            Elf (0/3) Orc:4        Vaults (5/5) D:13
  Crypt (0/3) Vaults:3     Depths (2/5) D:15

Altars:
Ashenzari
Cheibriados
Dithmenos
Fedhas
Gozag
Kikubaaqudgha
Makhleb
Nemelex Xobeh
Okawaru
Qazlal
Ru
Sif Muna
Trog
Vehumet
Xom
Yredelemnul
Zin
The Shining One
Beogh

Shops:
D:7 *   D:11 *   Orc:4 [*!*?!   Snake:2 *   Vaults:1 :   Vaults:2 ?
Vaults:3 (

Portals:
Hell: Depths:1
Pandemonium: Depths:2


Innate Abilities, Weirdness & Mutations

You reflexively headbutt those who attack you in melee.
You have a pair of horns on your head.
You are partially covered in rugged brown scales (AC +1, +3% HP).
Armour fits poorly on your strangely shaped body.
You are frail (-10% HP).


Message History

The splash of acid hits you! You resist.
* * * LOW HITPOINT WARNING * * *
The acid corrodes you!
The acid burns!
You resist.
* * * LOW HITPOINT WARNING * * *
The acid blob spits acid at you. The splash of acid misses you.
The splash of acid hits the acid blob.
The acid blob completely resists.
The acid blob spits acid at you. The splash of acid hits you! You resist.
* * * LOW HITPOINT WARNING * * *
The acid burns!
You resist.
* * * LOW HITPOINT WARNING * * *
The golden eye blinks!
The jelly hits you but does no damage.
Drink which item? (? for menu, Esc to quit)
You are more confused.
You feel invigorated. The acid blob misses you.
The giant orange brain pulsates.
You resist with almost no effort. The acid blob barely misses you.
The acid blob hits you!
You die...

## #. #.. . ####.##
#....
..#.....####J.....
...................
..§...JJ............
..§§..JGJ...........
.......J@J§..........
........J§§§..........
........§§§§..........
.......................
.......................
.......................
.......................
.......................
.......................


You could see 5 acid blobs, an azure jelly, a giant orange brain and 2 jellies.

Vanquished Creatures
  2 ancient liches (Vaults:5)
  The ghost of Beargit the Wrestler, a veteran TrAr of Ru (Vaults:5)
  A greater mummy (WizLab)
  Margery (Vaults:4)
  3 golden dragons (Vaults:5)
  The ghost of drcatpants the Shatterer, an adept OgHu of Zin (Slime:2)
  2 tentacled monstrosities (Vaults:5)
  A lich (Vaults:3)
  The ghost of grimtooth the Markself, an adept HEIE of Ashenzari (Vaults:2)
  A quicksilver dragon (Vaults:5)
  7 titans (Vaults:5)
  A sphinx (Vaults:4)
  Gastronok (Lair:1)
  10 acid blobs
  3 shadow dragons (Vaults:5)
  A storm dragon (Vaults:5)
  5 azure jellies
  7 tengu reavers
  6 greater nagas
  6 fire giants
  4 frost giants
  Wiglaf (Depths:1)
  An iron dragon (Vaults:5)
  18 vault wardens
  Aizul (Snake:3)
  Louise (Snake:2)
  An orc warlord (Orc:4)
  The ghost of Implojin the Grappler, a journeyman TrFi of Okawaru (Snake:2)
  18 stone giants
  A very ugly thing (Vaults:2)
  17 ironheart preservers
  Nessos (Lair:6)
  A salamander stormcaller (Vaults:5)
  9 ettins
  Snorg (D:12)
  2 deep elf death magi (Vaults:5)
  A quicksilver dragon zombie (WizLab)
  A death ooze (Slime:6)
  14 yaktaur captains
  Josephine (D:10)
  4 fire dragons
  32 vault guards
  2 entropy weavers
  A hydra (shapeshifter) (Vaults:5)
  2 deep elf high priests (Vaults:5)
  A rakshasa (D:15)
  2 catoblepae (Lair:6)
  24 naga warriors
  5 great orbs of eyes
  5 ice dragons
  9 hydras
  10 death yaks
  16 anacondas
  4 tengu warriors
  A death yak (shapeshifter) (Vaults:5)
  6 centaur warriors
  9 ogre magi
  10 naga sharpshooters
  3 deep troll shamans
  5 orc high priests
  6 hell knights (Vaults:4)
  7 deep troll earth magi
  4 shock serpents
  2 deep elf knights
  A fire crab (Vaults:1)
  2 shadow wraiths
  A fire crab (shapeshifter) (Vaults:4)
  5 skeletal warriors
  2 large abominations (Vaults:4)
  A storm dragon skeleton (Vaults:3)
  2 salamander mystics
  20 ironbrand convokers
  11 naga ritualists
  3 deep elf summoners
  2 necromancers
  A lindwurm (Lair:7)
  3 phantasmal warriors (Vaults:5)
  Pikel (D:8)
  A giant orange brain (Slime:6)
  27 deep trolls
  9 mana vipers
  15 orc knights
  A mana viper (shapeshifter) (Vaults:5)
  10 cyclopes
  10 orc sorcerers
  4 hill giants
  An anubis guard (shapeshifter) (Vaults:2)
  3 wolf spiders
  2 hornets
  6 griffons
  3 deep elf conjurers
  3 harpies (Vaults:4)
  3 manticores
  16 wizards
  2 shining eyes
  26 ugly things
  2 cyclopes (shapeshifter)
  A tengu skeleton (Vaults:3)
  7 salamanders
  2 centaur zombies (D:15)
  2 fire giant zombies (WizLab)
  16 naga magi
  50 black mambas
  6 guardian serpents
  An octopode (shapeshifter) (Vaults:3)
  Maurice (D:8)
  29 elephants
  A stone giant skeleton (Vaults:3)
  A frost giant skeleton (Vaults:3)
  A titan simulacrum (Vaults:5)
  4 gargoyles
  11 human skeletons
  12 vault sentinels
  3 demonspawn zombies (WizLab)
  A black mamba (shapeshifter) (D:13)
  A torpor snail (Lair:7)
  A centaur skeleton (D:15)
  An orc skeleton (Vaults:3)
  10 komodo dragons
  2 small abominations (Vaults:4)
  22 spiny frogs
  6 kobold demonologists
  A hellion (Depths:2)
  2 eyes of devastation
  8 fire drakes
  35 yaktaurs
  A redback zombie (D:14)
  A tengu conjurer (Depths:1)
  A hellwing (Depths:2)
  A yaktaur skeleton (Vaults:3)
  9 freezing wraiths
  5 deep elf priests
  3 guardian mummies (WizLab)
  A jumping spider (Vaults:5)
  An entropy weaver zombie (WizLab)
  6 trolls
  A queen bee (D:11)
  A polar bear (shapeshifter) (D:14)
  2 two-headed ogres (shapeshifter)
  A giant leech (shapeshifter) (Depths:1)
  Grinder (D:4)
  The ghost of olop4444 the Poker, an amateur MfGl (D:4)
  A spriggan zombie (WizLab)
  6 boulder beetles
  66 slime creatures
  A deep troll zombie (WizLab)
  8 blink frogs
  8 redbacks
  An ettin zombie (WizLab)
  17 two-headed ogres
  A spriggan (D:7)
  2 tarantellas
  2 wyverns
  A trapdoor spider (D:14)
  6 wraiths
  A centaur simulacrum (D:14)
  A tarantella (shapeshifter) (Vaults:2)
  8 water elementals (Depths:1)
  49 yaks
  2 shadows
  A vampire (D:14)
  15 deep elf fighters
  A basilisk (Lair:5)
  11 deep elf magi
  16 golden eyes
  2 hungry ghosts
  A human simulacrum (Vaults:5)
  Grum (D:8)
  A fire bat (shapeshifter) (Vaults:1)
  4 hippogriffs
  2 steam dragons (Lair:8)
  77 nagas
  8 wargs
  2 tengu zombies (WizLab)
  A human zombie (WizLab)
  4 mottled dragons
  A soldier ant (D:12)
  Edmund (D:4)
  27 water moccasins
  21 vampire mosquitoes
  12 porcupines
  8 wolves
  2 sky beasts
  2 wasps (Lair:8)
  35 orc warriors
  2 swamp drakes (Lair:8)
  3 black bears
  A black bear (shapeshifter) (Vaults:4)
  3 ice beasts
  2 necrophages
  3 eyes of draining
  4 spiders (Lair:8)
  32 ogres
  3 slaves (D:8)
  An elf skeleton (Vaults:3)
  8 boggarts
  3 phantoms
  A tengu (shapeshifter) (Depths:1)
  A big kobold (shapeshifter) (Vaults:3)
  17 crocodiles
  3 yaktaur zombies
  26 centaurs
  A brain worm (D:14)
  6 big kobolds
  24 giant frogs
  4 scorpions
  2 wyvern skeletons (D:13)
  A killer bee (shapeshifter) (Vaults:5)
  28 killer bees
  An oklob sapling (D:6)
  10 wights
  A giant frog zombie (D:12)
  8 crimson imps
  8 hounds
  21 jellies
  23 orc priests
  14 iguanas
  Crazy Yiuf (D:6)
  2 giant frog skeletons
  30 orc wizards
  Natasha (thrice) (D:2)
  A killer bee zombie (D:10)
  12 worker ants
  11 sheep
  A hound zombie (D:7)
  Robin (D:2)
  25 adders
  A gnoll (D:6)
  51 river rats
  4 shadow imps
  5 oozes
  An adder zombie (D:9)
  An adder skeleton (D:7)
  A worm (D:2)
  3 giant geckos
  151 orcs
  6 bats
  8 giant cockroaches
  14 hobgoblins
  8 jackals
  A quokka (D:3)
  4 ball pythons
  4 giant newts
  13 goblins
  46 kobolds
  A quokka skeleton (D:6)
  7 rats
  3 crawling corpses (Vaults:4)
  4 fungi (Lair:8)
  8 plants
1933 creatures vanquished.

Vanquished Creatures (others)
  A torturous demonspawn (Depths:2)
  A naga (Snake:4)
  An orc (Vaults:1)
  22 fungi
  28 plants
53 creatures vanquished.

Grand Total: 1986 creatures vanquished

Notes
Turn   | Place    | Note
--------------------------------------------------------------
     0 | D:1      | shmeve the Minotaur Fighter began the quest for the Orb.
     0 | D:1      | Reached XP level 1. HP: 19/19 MP: 0/0
   349 | D:1      | Reached XP level 2. HP: 17/27 MP: 1/1
   965 | D:2      | Reached skill level 4 in Fighting
   965 | D:2      | Reached XP level 3. HP: 30/33 MP: 2/2
  1165 | D:2      | Found a shimmering altar of Xom.
  1165 | D:2      | Noticed Natasha
  1171 | D:2      | Killed Natasha
  1174 | D:2      | Found a shimmering altar of Xom.
  1175 | D:2      | Found a shimmering altar of Xom.
  1186 | D:2      | Reached XP level 4. HP: 19/40 MP: 3/3
  1378 | D:2      | Noticed Robin
  1394 | D:2      | Killed Robin
  1657 | D:2      | Found a shimmering altar of Xom.
  1658 | D:2      | Found a shimmering altar of Xom.
  1659 | D:2      | Found a shimmering altar of Xom.
  1702 | D:2      | Reached skill level 1 in Throwing
  1702 | D:2      | Reached skill level 1 in Dodging
  1842 | D:2      | Found a shattered altar of Ashenzari.
  1850 | D:2      | Noticed Natasha
  1853 | D:2      | Killed Natasha
  1869 | D:2      | Noticed Natasha
  1873 | D:2      | Killed Natasha
  2127 | D:3      | Reached XP level 5. HP: 47/47 MP: 4/4
  2578 | D:3      | Found a deep blue altar of Sif Muna.
  2795 | D:4      | Noticed Edmund
  2805 | D:4      | Killed Edmund
  2805 | D:4      | Reached skill level 5 in Shields
  2805 | D:4      | Reached XP level 6. HP: 49/55 MP: 5/5
  2911 | D:4      | Reached skill level 5 in Fighting
  2914 | D:4      | Noticed olop4444's ghost (amateur MfGl)
  2939 | D:4      | Killed olop4444's ghost
  2939 | D:4      | Reached skill level 5 in Axes
  2939 | D:4      | Reached XP level 7. HP: 4/61 MP: 6/6
  3210 | D:4      | Found an ancient bone altar of Kikubaaqudgha.
  3210 | D:4      | Found a sacrificial altar of Ru.
  3232 | D:4      | Noticed Grinder
  3232 | D:4      | Paralysed by Grinder for 5 turns
  3242 | D:4      | Killed Grinder
  3242 | D:4      | Reached skill level 5 in Armour
  3303 | D:4      | Found a glowing golden altar of the Shining One.
  3308 | D:4      | Found an iron altar of Okawaru.
  3579 | D:5      | Entered Level 5 of the Dungeon
  3615 | D:5      | Reached skill level 6 in Shields
  3684 | D:5      | Reached XP level 8. HP: 50/70 MP: 7/7
  4284 | D:6      | Found a staircase to the Ecumenical Temple.
  4346 | Temple   | Entered the Ecumenical Temple
  4578 | Temple   | Became a worshipper of Trog the Wrathful
  4729 | D:6      | Reached skill level 7 in Fighting
  5082 | D:6      | Noticed Crazy Yiuf
  5089 | D:6      | Killed Crazy Yiuf
  5140 | D:6      | Found an iron altar of Okawaru.
  5208 | D:6      | Reached * piety under Trog
  5678 | D:7      | Reached XP level 9. HP: 79/79 MP: 8/8
  5679 | D:7      | Found Zin's Purification Station.
  5682 | D:7      | Found a glowing silver altar of Zin.
  5742 | D:7      | Reached ** piety under Trog
  5848 | D:7      | Found a shadowy altar of Dithmenos.
  5914 | D:7      | Reached skill level 8 in Fighting
  6261 | D:8      | Noticed Maurice
  6274 | D:8      | Killed Maurice
  6281 | D:8      | Noticed Grum
  6295 | D:8      | Killed Grum
  6547 | D:8      | Found a staircase to the Lair.
  6723 | D:8      | Noticed Pikel
  6741 | D:8      | Killed Pikel
  6741 | D:8      | Reached skill level 9 in Fighting
  6741 | D:8      | Reached skill level 5 in Dodging
  6741 | D:8      | Reached XP level 10. HP: 89/91 MP: 9/9
  7308 | Lair:1   | Entered Level 1 of the Lair of Beasts
  7561 | Lair:1   | Noticed Gastronok
  7567 | Lair:1   | HP: 1/91 [Gastronok (22)]
  7579 | Lair:1   | Killed Gastronok
  7579 | Lair:1   | Reached skill level 5 in Throwing
  8489 | Lair:2   | Noticed a seven-headed hydra
  8502 | Lair:2   | Killed a 16-headed hydra
  8502 | Lair:2   | Reached skill level 10 in Fighting
  8502 | Lair:2   | Reached skill level 10 in Axes
  8502 | Lair:2   | Reached skill level 10 in Shields
  8757 | Lair:2   | Noticed a griffon
  8771 | Lair:2   | Killed a griffon
  8771 | Lair:2   | Reached XP level 11. HP: 93/100 MP: 10/10
  9352 | Lair:3   | Reached *** piety under Trog
  9851 | Lair:3   | Reached skill level 11 in Fighting
 10196 | Lair:3   | Found a staircase to the Snake Pit.
 11199 | Lair:4   | Reached XP level 12. HP: 42/110 MP: 11/11
 11757 | Lair:4   | Reached **** piety under Trog
 12377 | Lair:5   | Reached skill level 12 in Fighting
 12407 | Lair:5   | Noticed a seven-headed hydra
 12438 | Lair:4   | Killed a ten-headed hydra
 12855 | Lair:5   | Received a gift from Trog
 13186 | Lair:5   | Noticed an eight-headed hydra
 13197 | Lair:5   | Killed a 12-headed hydra
 13380 | Lair:6   | Noticed a seven-headed hydra
 13384 | Lair:6   | Found a staircase to the Swamp.
 13392 | Lair:6   | Killed an 11-headed hydra
 13576 | Lair:6   | Found an iron altar of Okawaru.
 13715 | Lair:6   | Reached XP level 13. HP: 119/119 MP: 12/12
 13729 | Lair:6   | Received a gift from Trog
 13788 | Lair:6   | Noticed a catoblepas
 13789 | Lair:6   | Noticed a catoblepas
 13805 | Lair:6   | Killed a catoblepas
 13821 | Lair:6   | Reached skill level 13 in Axes
 13821 | Lair:6   | Reached skill level 10 in Armour
 13827 | Lair:6   | Killed a catoblepas
 14164 | Lair:6   | Reached ***** piety under Trog
 14259 | Lair:6   | Noticed Nessos
 14261 | Lair:6   | Noticed an eight-headed hydra
 14273 | Lair:6   | Killed Nessos
 14281 | Lair:6   | Killed a 15-headed hydra
 14997 | Lair:7   | Received a gift from Trog
 15064 | Lair:7   | Received a gift from Trog
 15394 | Lair:7   | Found a staircase to the Slime Pits.
 15418 | Lair:7   | Received a gift from Trog
 15438 | Lair:7   | HP: 8/184 [acid (6)]
 16033 | Lair:7   | Received a gift from Trog
 16234 | Lair:7   | Reached skill level 14 in Fighting
 16251 | Lair:8   | Entered Level 8 of the Lair of Beasts
 16271 | Lair:8   | Reached XP level 14. HP: 97/132 MP: 13/13
 16383 | Lair:8   | Received a gift from Trog
 16555 | Lair:8   | Received a gift from Trog
 16802 | Lair:8   | Received a gift from Trog
 17055 | Lair:8   | Received a gift from Trog
 17457 | Lair:8   | Reached ****** piety under Trog
 18080 | Lair:1   | Received a gift from Trog
 18647 | D:10     | Entered Level 10 of the Dungeon
 18688 | D:10     | Found a flagged portal.
 18711 | Bailey   | Entered a bailey
 18831 | Bailey   | Received a gift from Trog
 18886 | Bailey   | Reached skill level 15 in Fighting
 18979 | D:10     | Noticed Josephine
 18994 | D:10     | Killed Josephine
 19106 | D:10     | Received a gift from Trog
 19555 | D:10     | Identified a scroll of acquirement
 20483 | D:11     | Received a gift from Trog
 20525 | D:11     | Found Soanuh's Elemental Accessories.
 20538 | D:11     | Reached XP level 15. HP: 141/141 MP: 4/14
 20542 | D:11     | Reached skill level 10 in Dodging
 20778 | D:11     | You fall through a shaft for 2 floors!
 20785 | D:13     | Received a gift from Trog
 21074 | D:13     | Reached skill level 15 in Shields
 21081 | D:13     | Reached skill level 15 in Axes
 21432 | D:13     | Found a gate to the Vaults.
 21694 | D:12     | Found a staircase to the Orcish Mines.
 21737 | Orc:1    | Entered Level 1 of the Orcish Mines
 21844 | Orc:2    | Received a gift from Trog
 22161 | Orc:4    | Entered Level 4 of the Orcish Mines
 22170 | Orc:4    | Found Bowayn's Antique Armour Emporium.
 22188 | Orc:4    | Bought a polished plate armour for 616 gold pieces
 22198 | Orc:4    | Identified the +1 plate armour "Zong" {Str+4 Int+4} (You bought it in a shop on level 4 of the Orcish Mines)
 22235 | Orc:4    | Found Tisotso's General Store.
 22236 | Orc:4    | Found a roughly hewn altar of Beogh.
 22265 | Orc:4    | Bought a scroll of identify for 26 gold pieces
 22315 | Orc:4    | Received a gift from Trog
 22333 | Orc:4    | Found a staircase to the Elven Halls.
 22402 | Orc:4    | Found Usir's Distillery.
 22402 | Orc:4    | Found Boneffeh's Distillery.
 22411 | Orc:4    | Found Ytwena's Magic Scroll Emporium.
 22411 | Orc:4    | Found Adghyug's General Store.
 22419 | Orc:4    | Bought a scroll of enchant weapon for 112 gold pieces
 22421 | Orc:4    | Bought the +18 shield of the gong {rElec rN+ MR+ EV-5} for 1264 gold pieces
 22599 | Orc:4    | Got a shimmering chain mail
 22610 | Orc:4    | Identified the +2 chain mail of Zyshriro {Int+2} (You found it on level 4 of the Orcish Mines)
 22665 | Orc:4    | Received a gift from Trog
 23165 | D:12     | Reached skill level 16 in Fighting
 23225 | D:12     | Received a gift from Trog
 23239 | D:12     | Noticed Snorg
 23243 | D:12     | Reached skill level 10 in Throwing
 23250 | D:12     | Killed Snorg
 23997 | D:14     | Reached XP level 16. HP: 145/151 MP: 5/15
 24150 | D:14     | Received a gift from Trog
 24227 | D:14     | Received a gift from Trog
 24860 | D:15     | Entered Level 15 of the Dungeon
 25160 | D:15     | Found an opulent altar of Gozag.
 25578 | D:15     | Found a staircase to the Depths.
 26175 | Depths:1 | Entered Level 1 of the Depths
 26230 | Depths:1 | Noticed Wiglaf
 26256 | Depths:1 | Killed Wiglaf
 26269 | Depths:1 | Received a gift from Trog
 26386 | Depths:1 | Got a turquoise-encrusted plate armour
 26399 | Depths:1 | Identified the +9 plate armour "Dasuw" {+Inv Regen+} (You found it on level 1 of the Depths)
 26477 | Depths:1 | Reached skill level 17 in Fighting
 26497 | Depths:1 | Found a gateway to Hell.
 26831 | Depths:1 | Reached XP level 17. HP: 132/161 MP: 5/16
 27013 | Depths:2 | Found a one-way gate leading to the halls of Pandemonium.
 27041 | Depths:2 | HP: 3/162 [fire dragon/blast of flame (49)]
 27597 | Snake:1  | Entered Level 1 of the Snake Pit
 27825 | Snake:1  | Received a gift from Trog
 27886 | Snake:1  | Received a gift from Trog
 28891 | Snake:2  | Noticed Implojin's ghost (journeyman TrFi)
 28895 | Snake:2  | Noticed Louise
 28907 | Snake:2  | Killed Louise
 28909 | Snake:2  | Killed Implojin's ghost
 29033 | Snake:2  | Found Ganel's Goods Gallery.
 29315 | Snake:2  | Received a gift from Trog
 30174 | Snake:2  | Received a gift from Trog
 30239 | Snake:3  | Reached skill level 18 in Fighting
 30256 | Snake:3  | Received a gift from Trog
 30258 | Snake:3  | Noticed Aizul
 30272 | Snake:3  | Killed Aizul
 30765 | Snake:3  | Reached XP level 18. HP: 97/172 MP: 5/17
 30772 | Snake:3  | Found a bloodstained altar of Trog.
 31605 | Snake:4  | Entered Level 4 of the Snake Pit
 31619 | Snake:4  | Received a gift from Trog
 32044 | Snake:4  | Received a gift from Trog
 32065 | Snake:4  | Received a gift from Trog
 32366 | Snake:4  | Received a gift from Trog
 32565 | Snake:4  | Got a serpentine rune of Zot
 33184 | Vaults:1 | Entered Level 1 of the Vaults
 33256 | Vaults:1 | Reached skill level 19 in Fighting
 33378 | Vaults:1 | Received a gift from Trog
 33447 | Vaults:1 | Found Asi Xacy's Book Boutique.
 34016 | Vaults:1 | Got an ancient wooden ring
 34025 | Vaults:1 | Reached XP level 19. HP: 182/182 MP: 6/18
 34044 | Vaults:1 | Identified the ring "Ceuridduj" {rElec AC+3 Str+2 Dex+4} (You acquired it on level 1 of the Vaults)
 34551 | Vaults:2 | Found a magical portal.
 34554 | WizLab   | Entered Doroklohe's Tomb
 34775 | WizLab   | Noticed a greater mummy
 34834 | WizLab   | Killed a greater mummy
 34955 | WizLab   | Gained mutation: You are partially covered in rugged brown scales (AC +1, +3% HP). [potion of mutation]
 34955 | WizLab   | Gained mutation: You evolve. [potion of mutation]
 35069 | Vaults:2 | Noticed grimtooth's ghost (adept HEIE)
 35091 | Vaults:2 | Killed grimtooth's ghost
 35318 | Vaults:2 | Received a gift from Trog
 35532 | Vaults:2 | Found Retas's Magic Scroll Emporium.
 35540 | Vaults:2 | Bought a scroll of identify for 24 gold pieces
 35540 | Vaults:2 | Bought a scroll of identify for 24 gold pieces
 35540 | Vaults:2 | Bought a scroll of identify for 24 gold pieces
 35540 | Vaults:2 | Bought a scroll of identify for 24 gold pieces
 36014 | Vaults:3 | Received a gift from Trog
 36551 | Vaults:3 | Reached skill level 20 in Fighting
 36579 | Vaults:3 | Reached XP level 20. HP: 129/198 MP: 6/19
 36583 | Vaults:3 | Reached skill level 15 in Armour
 36709 | Vaults:3 | Gained mutation: Your mind is acute. (Int +2) [evolution]
 36709 | Vaults:3 | Lost mutation: You evolve. [end of evolution]
 36725 | Vaults:3 | Found a staircase to the Crypt.
 36785 | Vaults:3 | Found Qarumnec's Antique Weapon Shoppe.
 37099 | Vaults:4 | Noticed Margery
 37111 | Vaults:4 | Received a gift from Trog
 37114 | Vaults:4 | Killed Margery
 37130 | Vaults:4 | Received a gift from Trog
 37155 | Vaults:4 | Received a gift from Trog
 37339 | Vaults:4 | Received a gift from Trog
 37398 | Vaults:4 | Received a gift from Trog
 37966 | Vaults:4 | Received a gift from Trog
 38088 | Vaults:5 | Entered Level 5 of the Vaults
 38089 | Vaults:5 | Noticed Beargit's ghost (veteran TrAr)
 38103 | Vaults:5 | Noticed a golden dragon
 38121 | Vaults:5 | Reached XP level 21. HP: 208/208 MP: 6/20
 38132 | Vaults:5 | Killed Beargit's ghost
 38136 | Vaults:5 | Killed a golden dragon
 38153 | Vaults:5 | Received a gift from Trog
 38155 | Vaults:5 | Reached skill level 21 in Fighting
 38158 | Vaults:5 | Received a gift from Trog
 38300 | Vaults:5 | Received a gift from Trog
 38665 | Vaults:5 | Noticed a golden dragon
 38670 | Vaults:5 | Killed a golden dragon
 38678 | Vaults:5 | Reached skill level 15 in Dodging
 38695 | Vaults:5 | Noticed an ancient lich
 38705 | Vaults:5 | Killed an ancient lich
 38705 | Vaults:5 | Reached XP level 22. HP: 219/219 MP: 7/21
 38707 | Vaults:5 | Noticed a golden dragon
 38715 | Vaults:5 | Killed a golden dragon
 38721 | Vaults:5 | Noticed an ancient lich
 38731 | Vaults:5 | Killed an ancient lich
 39186 | Vaults:5 | Received a gift from Trog
 39433 | Vaults:5 | Got a silver rune of Zot
 40105 | D:12     | Got a bloodstained cloak
 40116 | D:12     | Identified the +1 cloak of the Vestibule of Hell {+Blink rCorr} (You found it on level 12 of the Dungeon)
 40588 | Slime:1  | Entered Level 1 of the Pits of Slime
 40653 | Slime:2  | Gained mutation: Armour fits poorly on your strangely shaped body. [a shining eye]
 40656 | Slime:2  | Lost mutation: Your mind is acute. (Int +2) [a shining eye]
 40796 | Slime:2  | Noticed drcatpants's ghost (adept OgHu)
 40832 | Slime:2  | Killed drcatpants's ghost
 41059 | Slime:3  | Received a gift from Trog
 41065 | Slime:3  | Reached skill level 22 in Axes
 41073 | Slime:3  | Received a gift from Trog
 41588 | Slime:4  | Received a gift from Trog
 41610 | Slime:4  | Gained mutation: You regenerate slowly when monsters are visible. [a shining eye]
 41612 | Slime:4  | Gained mutation: You are frail (-10% HP). [a shining eye]
 41617 | Slime:4  | Lost mutation: You regenerate slowly when monsters are visible. [a shining eye]
 41627 | Slime:4  | Received a gift from Trog
 41997 | Slime:6  | Entered Level 6 of the Pits of Slime
 42244 | Slime:6  | HP: 9/199 [acid blob/splash of acid (7)]
 42244 | Slime:6  | HP: 3/199 [acid (6)]
 42245 | Slime:6  | Mangled by an acid blob

Action                   |  1- 3 |  4- 6 |  7- 9 | 10-12 | 13-15 | 16-18 | 19-21 | 22-24 || total
-------------------------+-------+-------+-------+-------+-------+-------+-------+-------++-------
Melee: War axe           |    81 |   120 |   300 |   556 |   615 |       |       |       ||  1672
       Broad axe         |       |       |       |       |   716 |  1265 |  1001 |   340 ||  3322
Throw: Javelin           |       |       |       |     6 |   125 |   107 |    19 |       ||   257
Invok: Burn Spellbooks   |       |       |     2 |     1 |     5 |     1 |       |     1 ||    10
       Berserk           |       |       |       |    10 |    10 |     6 |     2 |       ||    28
       Trog's Hand       |       |       |       |     5 |     6 |     8 |     5 |     1 ||    25
Evoke: Wand              |       |       |       |       |       |       |       |     2 ||     2
  Use: Potion            |       |     2 |       |     3 |       |    13 |     7 |     2 ||    27
       Scroll            |       |       |    19 |     1 |    26 |    11 |     4 |     3 ||    64
 Stab: Petrified         |       |       |       |       |     3 |       |       |       ||     3
  Eat: Chunk             |     1 |     6 |    11 |    29 |    40 |    19 |    13 |     6 ||   125
       Meat ration       |       |       |     1 |       |       |     3 |     1 |     1 ||     6
       Royal jelly       |       |       |       |     1 |     1 |       |       |       ||     2
       Pizza             |       |       |       |     1 |     1 |     5 |       |       ||     7
       Fruit             |       |       |       |     3 |     1 |       |       |     4 ||     8
       Beef jerky        |       |       |       |       |     1 |     3 |       |     1 ||     5
